[Event "Titled Tuesday Blitz February 07 Early 2023"]
[White "Maximov, Dmitry"]
[Black "Yaran, Siar"]
[WhiteFideId "14105659"]
[BlackFideId "6323006"]
[WhiteElo "2497"]
[BlackElo "2288"]
[Result "1-0"]
[Round "07"]
[TimeControl "180+2"]
[Date "2023.02.07"]
[WhiteClock "0:00:04"]
[BlackClock "0:00:01"]

1. e4 e5 2. Nf3 Nc6 3. Bb5 a6 4. Ba4 Nf6 5. O-O Be7 6. Re1 b5 7. Bb3 O-O 8. h3 Na5 9. Nxe5 Nxb3 10. axb3 Bb7 11. d3 d5 12. exd5 Qxd5 13. Nf3 Rfe8 14. Be3 c5 15. Nbd2 Rad8 16. Bf4 Qf5 17. Bg3 Bf8 18. Re5 Rxe5 19. Bxe5 Re8 20. Bh2 g6 21. Qf1 Bg7 22. Re1 Qc8 23. Be5 Re6 24. Ng5 Re7 25. Ndf3 Qe8 26. Bd6 Rxe1 27. Qxe1 Qxe1+ 28. Nxe1 Nd7 29. c3 b4 30. cxb4 cxb4 31. Bxb4 Bxb2 32. Ne4 Bd5 33. Nd2 Bc1 34. Nc4 Bh6 35. Nc2 Bg7 36. N2e3 Be6 37. Na5 Ne5 38. d4 Nd3 39. Bc3 Nc1 40. Kf1 Nxb3 41. Nxb3 Bxb3 42. Ke2 Kf8 43. Kd3 Ke7 44. Bb4+ Kd7 45. Ke4 f5+ 46. Kd3 Kc6 47. g4 fxg4 48. hxg4 Kb5 49. Be7 a5 50. f4 Kc6 51. f5 gxf5 52. gxf5 h5 53. f6 Bh6 54. Nf5 Bg5 55. f7 Bxf7 56. Bxg5 a4 57. Ne3 a3 58. Nc2 a2 59. Na1 Kd6 60. Ke4 Bg6+ 61. Ke3 Kd5 62. Bf6 Bf5 63. Kd2 Kc4 64. Kc1 h4 65. Bxh4 Kxd4 66. Kb2 Be6 67. Bf6+ Ke4 68. Bc3 Kf5 69. Ka3 Ke4 70. Bb2 Kd3 71. Bh8 Bd5 72. Kb4 Ke2 73. Kc3 Be6 74. Nc2 Kd1 75. Kb2 Kd2 76. Nd4 1-0


[Site "https://www.chess.com"]

[Event "Titled Tuesday Blitz February 07 Early 2023"]
[White "Karas, Marek"]
[Black "Iniyan, P"]
[WhiteFideId "14928558"]
[BlackFideId "25002767"]
[WhiteElo "2227"]
[BlackElo "2525"]
[Result "0-1"]
[Round "07"]
[TimeControl "180+2"]
[Date "2023.02.07"]
[WhiteClock "0:00:13"]
[BlackClock "0:00:15"]

1. Nf3 Nf6 2. d4 d5 3. c4 c6 4. e3 Bg4 5. Nc3 e6 6. Qb3 Qb6 7. Ne5 Bh5 8. c5 Qc7 9. f4 b6 10. cxb6 axb6 11. Bd2 Bd6 12. Bd3 O-O 13. Rc1 Qb7 14. O-O Bg6 15. Nxg6 hxg6 16. Na4 Nbd7 17. Nc5 Bxc5 18. dxc5 Rfb8 19. cxb6 Qxb6 20. Qxb6 Rxb6 21. Bc3 Rxa2 22. Ra1 Rxa1 23. Rxa1 Rb7 24. Ra8+ Kh7 25. h3 Nc5 26. Bc2 Nce4 27. Be5 Nd2 28. Rc8 Nc4 29. Bd4 Nxb2 30. Rxc6 Nc4 31. Kh2 Nd2 32. Bd3 Rb3 33. Bc2 Rb7 34. Bd3 Rb3 35. Bc2 Ra3 36. Rc7 Nf1+ 37. Kg1 Nxe3 38. Bxe3 Rxe3 39. Rxf7 Rc3 40. Ba4 Rc4 41. Bb3 Rxf4 42. Re7 Re4 43. Bc2 Re3 44. Kf2 d4 45. Ba4 Ne4+ 46. Kf1 d3 47. Rd7 d2 48. Kg1 Nc3 49. Bc2 Re1+ 50. Kf2 d1=Q 51. Bxd1 Rxd1 52. Re7 Rd6 53. Ke3 Nd5+ 0-1


[Site "https://www.chess.com"]

[Event "Titled Tuesday Blitz February 07 Early 2023"]
[White "Sattarov, Bobir"]
[Black "Janaszak, Dawid"]
[WhiteFideId "14203081"]
[BlackFideId "1119206"]
[WhiteElo "2366"]
[BlackElo "2316"]
[Result "0-1"]
[Round "07"]
[TimeControl "180+2"]
[Date "2023.02.07"]
[WhiteClock "0:00:23"]
[BlackClock "0:00:09"]

1. e4 c5 2. Nf3 Nc6 3. d4 cxd4 4. Nxd4 g6 5. Nc3 Bg7 6. Be3 Nf6 7. Nxc6 bxc6 8. e5 Ng8 9. Bd4 Qa5 10. Bc4 Bxe5 11. O-O Nf6 12. Re1 d6 13. Bxe5 dxe5 14. Qe2 Rb8 15. Bb3 Ba6 16. Qxe5 Qxe5 17. Rxe5 e6 18. Rae1 Bc8 19. f3 Ke7 20. g4 Kd6 21. Ra5 a6 22. g5 Nd5 23. Ne4+ Kc7 24. Rc5 Kb6 25. a3 h6 26. h4 hxg5 27. hxg5 Bd7 28. Rd1 Rh3 29. Kg2 Rbh8 30. Rd4 Rh2+ 31. Kf1 Ne3+ 32. Ke1 Rg2 33. Rb4+ Kc7 34. Nf2 Rhh2 35. Re4 Rg1+ 36. Ke2 Nd1 37. Kd2 Rxf2+ 38. Kd3 Rxf3+ 39. Kc4 Nxb2+ 40. Kb4 Rfg3 41. Ree5 Rg4+ 42. Ka5 Kd6 43. Kxa6 Na4 44. Ra5 Nc3 45. Re3 Nb5 46. Kb6 Nd4 47. Rd3 e5 48. Ra7 Rxg5 49. Bxf7 R5g3 50. Rd2 R1g2 51. Rxg2 Rxg2 52. c3 Rb2+ 53. Ka5 Nb3+ 54. Kb4 Nc5+ 55. Kc4 Be6+ 56. Bxe6 Nxe6 57. a4 g5 58. a5 Ra2 59. Ra8 g4 60. a6 Nc7 61. Rd8+ Ke7 62. Rg8 Rxa6 63. Rxg4 Ra4+ 64. Kc5 Rxg4 65. c4 Ne6+ 66. Kxc6 Rxc4+ 67. Kd5 Rd4+ 68. Kxe5 Ra4 69. Kf5 Nd4+ 70. Ke4 Nc2+ 71. Kd5 Na1 72. Ke5 Rh4 73. Kd5 Kf6 74. Kd6 Rh5 75. Kc6 Re5 76. Kd6 Kf5 77. Kd7 Rd5+ 78. Ke7 Ke5 79. Kf7 Rd6 80. Ke7 Nc2 81. Kf7 Rb6 82. Ke7 Rb7+ 83. Kd8 Ke6 0-1


[Site "https://www.chess.com"]

[Event "Titled Tuesday Blitz February 07 Early 2023"]
[White "Fernandez Guillen, Ernesto J."]
[Black "Ladan, Nicholas"]
[WhiteFideId "3512428"]
[BlackFideId "30918855"]
[WhiteElo "2477"]
[BlackElo "2228"]
[Result "1/2-1/2"]
[Round "07"]
[TimeControl "180+2"]
[Date "2023.02.07"]
[WhiteClock "0:00:07"]
[BlackClock "0:00:08"]

1. e4 e5 2. Nf3 Nc6 3. d4 exd4 4. Bc4 Nf6 5. O-O Nxe4 6. Re1 d5 7. Bxd5 Qxd5 8. Nc3 Qd7 9. Nxe4 Be7 10. Bg5 O-O 11. Bxe7 Qxe7 12. Nxd4 Nxd4 13. Qxd4 b6 14. Nc3 Be6 15. Qf4 Rad8 16. h3 Qd6 17. Qh4 Qd4 18. Re4 Qf6 19. Qxf6 gxf6 20. Re3 f5 21. Rc1 c6 22. Kf1 Rd4 23. Ke1 Rfd8 24. b3 a5 25. Rd1 Rxd1+ 26. Nxd1 c5 27. c4 a4 28. Nc3 axb3 29. axb3 Ra8 30. Kd2 Ra1 31. Re1 Ra3 32. Kc2 Ra7 33. Kb2 Kg7 34. Rd1 Kf6 35. Rd6 Rd7 36. Rxd7 Bxd7 37. Nd5+ Ke5 38. Nxb6 Bc6 39. g3 Ke4 40. Na4 Kf3 41. Nxc5 Kxf2 42. b4 Kxg3 43. b5 Ba8 44. Kc3 f4 45. Nd3 f3 46. c5 Be4 47. b6 f2 48. Nxf2 Kxf2 49. Kd4 f5 50. Ke5 Ke3 51. Kd6 f4 52. c6 f3 53. b7 f2 54. b8=Q f1=Q 55. Qa7+ Kd2 56. Qa2+ Bc2 57. Qa5+ Ke3 58. Qc5+ Kd2 59. c7 Qf6+ 60. Kd5 Bb3+ 61. Ke4 Qe6+ 62. Kf4 Qf6+ 63. Qf5 Qd4+ 64. Qe4 Qxe4+ 65. Kxe4 Be6 66. h4 h5 67. Ke5 Bg4 68. Kf6 Ke3 69. Kg5 Kf3 70. c8=Q Bxc8 71. Kxh5 Bg4+ 72. Kg5 Kg3 73. h5 Bxh5 1/2-1/2


[Site "https://www.chess.com"]

[Event "Titled Tuesday Blitz February 07 Early 2023"]
[White "Salimova, Nurgyul"]
[Black "Plazuelo Pascual, Juan"]
[WhiteFideId "2915138"]
[BlackFideId "32059566"]
[WhiteElo "2391"]
[BlackElo "2449"]
[Result "1-0"]
[Round "07"]
[TimeControl "180+2"]
[Date "2023.02.07"]
[WhiteClock "0:00:12"]
[BlackClock "0:00:03"]

1. d4 d5 2. Nf3 Nf6 3. c4 dxc4 4. e3 e6 5. Bxc4 a6 6. O-O c5 7. e4 cxd4 8. e5 Nfd7 9. Qxd4 Nc6 10. Qf4 Qc7 11. Re1 Ndxe5 12. Nxe5 Nxe5 13. Qxe5 Qxc4 14. Nc3 f6 15. Qh5+ g6 16. Qf3 Be7 17. Bh6 Qh4 18. Bg7 Rg8 19. Nd5 Kf7 20. Re4 Qxe4 21. Qxe4 exd5 22. Qe3 Rxg7 23. Re1 Kf8 24. Qh6 Kg8 25. Qd2 Bf5 26. Qxd5+ Kf8 27. Qxb7 Rd8 28. Qxa6 Bd6 29. h3 Rc7 30. Qb6 Rcd7 31. g4 Bd3 32. Rd1 Be5 33. a4 Kg7 34. a5 Be4 35. Qxd8 Rxd8 36. Rxd8 Bxb2 37. a6 h5 38. a7 hxg4 39. hxg4 Be5 40. a8=Q Bxa8 41. Rxa8 Kh6 42. Kg2 Kg5 43. Kf3 f5 44. gxf5 Kxf5 45. Ra5 g5 46. Rb5 g4+ 47. Ke3 Ke6 48. Ke4 Bd6 49. Rg5 Bc5 50. Rxc5 1-0


[Site "https://www.chess.com"]

[Event "Titled Tuesday Blitz February 07 Early 2023"]
[White "Kumala, Aleksander"]
[Black "Shipov, Sergei"]
[WhiteFideId "1141880"]
[BlackFideId "4113624"]
[WhiteElo "2165"]
[BlackElo "2541"]
[Result "0-1"]
[Round "07"]
[TimeControl "180+2"]
[Date "2023.02.07"]
[WhiteClock "0:00:45"]
[BlackClock "0:00:59"]

1. d4 d5 2. Bg5 h6 3. Bh4 c6 4. e3 Qb6 5. Nd2 Bf5 6. Bd3 e6 7. Bxf5 exf5 8. Ngf3 Nd7 9. O-O Ngf6 10. c4 Be7 11. cxd5 Nxd5 12. Bxe7 Nxe7 13. Nc4 Qc7 14. Nfe5 O-O 15. Qh5 Nf6 16. Qh4 Rad8 17. b4 Ned5 18. a3 f4 19. Rac1 Rfe8 20. exf4 Ne7 21. Rfd1 Nf5 22. Qh3 Nxd4 23. Qe3 Ng4 24. Qg3 Ne2+ 25. Kf1 Nxg3+ 26. hxg3 Rxd1+ 27. Rxd1 Nf6 28. Nd6 Rd8 29. Nexf7 Qxf7 30. Nxf7 Rxd1+ 31. Ke2 Ra1 32. Ne5 Ra2+ 33. Ke3 Rxa3+ 34. Ke2 Ra2+ 35. Ke3 Nd5+ 36. Ke4 Nxb4 37. g4 Rxf2 38. g3 a5 39. Kf5 a4 40. Kg6 a3 41. f5 a2 42. g5 hxg5 43. g4 a1=Q 44. Nd7 Nd5 45. f6 Rxf6+ 46. Kh5 Qh1+ 47. Kxg5 Qh6# 0-1


[Site "https://www.chess.com"]

[Event "Titled Tuesday Blitz February 07 Early 2023"]
[White "Osmak, Yuliia"]
[Black "Morefield, Jason"]
[WhiteFideId "14101602"]
[BlackFideId "30920825"]
[WhiteElo "2440"]
[BlackElo "2167"]
[Result "1-0"]
[Round "07"]
[TimeControl "180+2"]
[Date "2023.02.07"]
[WhiteClock "0:00:30"]
[BlackClock "0:00:07"]

1. Nf3 Nf6 2. g3 d5 3. Bg2 Nc6 4. d4 Bf5 5. O-O e6 6. c3 Be7 7. Bf4 O-O 8. Nbd2 h6 9. Ne5 Nxe5 10. dxe5 Nd7 11. e4 dxe4 12. Nxe4 Nc5 13. Nxc5 Bxc5 14. Qb3 Rb8 15. Rad1 Qc8 16. a4 a5 17. Qb5 Bb6 18. c4 Bg4 19. Rd2 g5 20. Be3 Bxe3 21. fxe3 b6 22. Rf6 Kg7 23. Rd7 Bh5 24. Qc6 Bg6 25. Qxe6 Bh5 26. Rxh6 Qxd7 27. Qf6+ 1-0


[Site "https://www.chess.com"]

[Event "Titled Tuesday Blitz February 07 Early 2023"]
[White "Defend, Balint"]
[Black "Aradhya, Garg"]
[WhiteFideId "17004853"]
[BlackFideId "25006746"]
[WhiteElo "1673"]
[BlackElo "2284"]
[Result "1/2-1/2"]
[Round "07"]
[TimeControl "180+2"]
[Date "2023.02.07"]
[WhiteClock "0:00:23"]
[BlackClock "0:00:32"]

1. e4 e5 2. Nf3 Nc6 3. Bc4 Nf6 4. d4 exd4 5. e5 Ne4 6. Qe2 Nc5 7. O-O Be7 8. Rd1 Ne6 9. Bxe6 dxe6 10. Nc3 O-O 11. Nb5 Bc5 12. c3 Bb6 13. Nbxd4 Nxd4 14. Nxd4 Qe7 15. Nf3 h6 16. h4 Bd7 17. a4 a5 18. b3 Rfd8 19. Ba3 Qe8 20. Nd4 Bc6 21. Qg4 Rd5 22. Nf3 Rad8 23. Rxd5 Rxd5 24. c4 Rd3 25. c5 Ba7 26. Nd4 Bd5 27. Rd1 Rxd1+ 28. Qxd1 Qe7 29. Qc2 Qxh4 30. Qc3 Bb8 31. Nb5 Qg5 32. f3 f6 33. exf6 gxf6 34. Bc1 Qg6 35. Qxa5 Bxf3 36. Qd2 Bd5 37. Nc3 Bc6 38. b4 Ba7 39. Qd8+ Kg7 40. Qxc7+ Kg8 41. Qd8+ Kf7 42. Qc7+ Ke8 43. Qc8+ Ke7 44. Qc7+ Ke8 45. Qc8+ Ke7 46. Qc7+ Ke8 1/2-1/2


[Site "https://www.chess.com"]

[Event "Titled Tuesday Blitz February 07 Early 2023"]
[White "Bilych, Olexiy"]
[Black "Ingebretsen, Jens E"]
[WhiteFideId "14156504"]
[BlackFideId "1522965"]
[WhiteElo "2441"]
[BlackElo "2342"]
[Result "1-0"]
[Round "07"]
[TimeControl "180+2"]
[Date "2023.02.07"]
[WhiteClock "0:00:30"]
[BlackClock "0:00:11"]

1. d4 Nf6 2. c4 e6 3. Nc3 Bb4 4. e3 O-O 5. Nf3 c5 6. Bd3 d5 7. O-O dxc4 8. Bxc4 Nc6 9. a3 Bxc3 10. bxc3 Qc7 11. Be2 Rd8 12. Bb2 e5 13. h3 e4 14. Nd2 Bf5 15. a4 Rac8 16. Ba3 Nd5 17. Rc1 cxd4 18. cxd4 Qd7 19. Nc4 Ndb4 20. Qd2 Qe7 21. Na5 Bxh3 22. gxh3 Qg5+ 23. Bg4 Qxa5 24. Bxc8 Rxc8 25. d5 Ne5 26. Rxc8+ 1-0


[Site "https://www.chess.com"]

[Event "Titled Tuesday Blitz February 07 Early 2023"]
[White "Oro, Faustino"]
[Black "Podetti, Davide"]
[WhiteFideId "20000197"]
[BlackFideId "893617"]
[WhiteElo "2269"]
[BlackElo "2281"]
[Result "0-1"]
[Round "07"]
[TimeControl "180+2"]
[Date "2023.02.07"]
[WhiteClock "0:00:07"]
[BlackClock "0:00:20"]

1. Nf3 d5 2. g3 Nf6 3. Bg2 c5 4. O-O Nc6 5. d4 cxd4 6. Nxd4 e5 7. Nxc6 bxc6 8. c4 Be6 9. Nc3 Qd7 10. Bg5 d4 11. Bxf6 gxf6 12. Ne4 Be7 13. Qa4 O-O 14. Nd2 Rab8 15. Bxc6 Qc7 16. Bd5 Rxb2 17. Nf3 Qd7 18. Qa5 Qd8 19. Qxa7 Rxe2 20. Nh4 Qd7 21. Qa6 d3 22. Rad1 Bxd5 23. cxd5 e4 24. Qc4 f5 25. Ng2 Bg5 26. h4 Bh6 27. Qd4 Rd8 28. Qf6 Qd6 29. Qxf5 Qxd5 30. Qg4+ Kh8 31. Rfe1 Rxe1+ 32. Rxe1 f5 33. Qh5 Qe6 34. Rd1 Qg6 35. Qxg6 hxg6 36. Kf1 Ra8 37. Ne1 Rxa2 38. f3 Be3 39. Ng2 Rf2+ 40. Kg1 Rxf3+ 41. Kh2 Bd4 42. Rb1 Be5 43. Rb5 Bxg3+ 44. Kg1 d2 45. Rd5 e3 0-1


[Site "https://www.chess.com"]

[Event "Titled Tuesday Blitz February 07 Early 2023"]
[White "Lianes Garcia, Marcos"]
[Black "Kuzmin, Roman"]
[WhiteFideId "32060777"]
[BlackFideId "44134932"]
[WhiteElo "2411"]
[BlackElo "2198"]
[Result "1-0"]
[Round "07"]
[TimeControl "180+2"]
[Date "2023.02.07"]
[WhiteClock "0:01:41"]
[BlackClock "0:00:14"]

1. e4 c5 2. g3 d6 3. Bg2 Nc6 4. Ne2 g6 5. c3 Bg7 6. d4 cxd4 7. cxd4 Nf6 8. h3 O-O 9. O-O e5 10. Be3 b6 11. Nbc3 Bb7 12. Qd2 Re8 13. d5 Na5 14. b3 Rc8 15. Rac1 Nd7 16. Nb5 Qe7 17. Nxa7 Rxc1 18. Rxc1 Ra8 19. Nb5 f5 20. f3 f4 21. gxf4 exf4 22. Nxf4 Be5 23. Ne6 Nc5 24. Nbc7 Rc8 25. Nxc5 dxc5 26. Ne6 Re8 27. f4 Bb8 28. e5 Bc8 29. b4 Bxe6 30. dxe6 cxb4 31. Qd7 b3 32. axb3 Nxb3 33. Qxe7 Rxe7 34. Rc8+ Kg7 35. Rxb8 Nc5 36. Bxc5 bxc5 37. Bd5 1-0


[Site "https://www.chess.com"]

[Event "Titled Tuesday Blitz February 07 Early 2023"]
[White "Costachi, Mihnea"]
[Black "Jaskolka, Tomasz"]
[WhiteFideId "1217518"]
[BlackFideId "1170791"]
[WhiteElo "2476"]
[BlackElo "2238"]
[Result "1-0"]
[Round "07"]
[TimeControl "180+2"]
[Date "2023.02.07"]
[WhiteClock "0:00:53"]
[BlackClock "0:00:05"]

1. Nc3 d5 2. d4 c6 3. Bf4 Nf6 4. e3 Bf5 5. f3 h5 6. Bd3 Bxd3 7. Qxd3 e6 8. Nge2 Nbd7 9. O-O Be7 10. e4 g6 11. a4 a5 12. Kh1 h4 13. h3 Nh5 14. Bh2 Nb6 15. b3 Bd6 16. e5 Be7 17. Nf4 Nxf4 18. Bxf4 Rh5 19. Ne2 Kf8 20. c4 Kg7 21. Rab1 Nd7 22. c5 b6 23. cxb6 Qxb6 24. Bd2 c5 25. dxc5 Nxc5 26. Qd4 Nd7 27. Qxb6 Nxb6 28. Rfc1 Nd7 29. Rc7 Rd8 30. Nd4 Nxe5 31. Rxe7 Rc8 32. Nxe6+ Kf6 33. Rc7 Re8 34. Nf4 Rf5 35. Nxd5+ Kg7 36. Bxa5 Nxf3 37. gxf3 Rxd5 38. Bc3+ Kh6 39. Rxf7 Re2 40. Rg1 Rd3 41. Bf6 Rf2 42. Bg5+ Kh5 43. Rh7# 1-0


[Site "https://www.chess.com"]

[Event "Titled Tuesday Blitz February 07 Early 2023"]
[White "Gjestemoen-VonHirsch, Andre"]
[Black "Seo, Jung Min"]
[WhiteFideId "1539531"]
[BlackFideId "1734687"]
[WhiteElo "2314"]
[BlackElo "2494"]
[Result "1-0"]
[Round "07"]
[TimeControl "180+2"]
[Date "2023.02.07"]
[WhiteClock "0:01:12"]
[BlackClock "0:00:46"]

1. d4 g6 2. Bf4 Bg7 3. Nc3 d6 4. e4 Nc6 5. Nf3 Bg4 6. Bb5 a6 7. Bxc6+ bxc6 8. Qd3 Bxf3 9. gxf3 Nf6 10. Qc4 Qd7 11. O-O-O O-O 12. Kb1 a5 13. Rhg1 Rfb8 14. a3 Nh5 15. Bc1 Rb6 16. Na4 Rbb8 17. Nc3 Ra7 18. e5 Rab7 19. Rge1 Kh8 20. Qxf7 Rf8 21. Qc4 Rxf3 22. Ne4 d5 23. Nc5 dxc4 24. Nxd7 Rxa3 25. Nc5 Rb5 26. b3 1-0


[Site "https://www.chess.com"]

[Event "Titled Tuesday Blitz February 07 Early 2023"]
[White "Dehtiarov, Roman"]
[Black "Yeritsyan, Hayk"]
[WhiteFideId "14186640"]
[BlackFideId "13307320"]
[WhiteElo "2289"]
[BlackElo "2241"]
[Result "1-0"]
[Round "07"]
[TimeControl "180+2"]
[Date "2023.02.07"]
[WhiteClock "0:02:16"]
[BlackClock "0:01:12"]

1. e4 c5 2. Nc3 Nc6 3. f4 g6 4. Nf3 Bg7 5. Bb5 Nd4 6. O-O Nxb5 7. Nxb5 Nf6 8. Nc3 d6 9. d3 O-O 10. Qe1 Rb8 11. h3 b5 12. Be3 b4 13. Ne2 a5 14. Qh4 d5 15. e5 Nd7 16. e6 Nf6 17. exf7+ Rxf7 18. Ne5 Rf8 19. Bxc5 Ba6 20. Nd4 Qe8 21. Rae1 Bc8 22. Nec6 Rb7 23. Rxe7 Rxe7 24. Nxe7+ Kh8 25. Re1 Qf7 26. Nxc8 Rxc8 27. Re7 Qg8 28. Ne6 Nd7 29. Rxg7 1-0


[Site "https://www.chess.com"]

[Event "Titled Tuesday Blitz February 07 Early 2023"]
[White "Weetik, Vjacheslav"]
[Black "Lorenzo De La Riva, Lazaro"]
[WhiteFideId "4153472"]
[BlackFideId "2268809"]
[WhiteElo "2423"]
[BlackElo "2404"]
[Result "0-1"]
[Round "07"]
[TimeControl "180+2"]
[Date "2023.02.07"]
[WhiteClock "0:00:05"]
[BlackClock "0:02:11"]

1. d4 d5 2. c4 e6 3. Nc3 Nf6 4. cxd5 exd5 5. Bg5 c6 6. e3 h6 7. Bh4 Be7 8. Bd3 O-O 9. Nge2 Re8 10. O-O Nbd7 11. f3 b5 12. Kh1 a5 13. Bf2 Ba6 14. Ng3 b4 15. Na4 Bxd3 16. Qxd3 c5 17. dxc5 Bxc5 18. Nf5 Ne5 19. Qb5 Ba7 20. Rad1 Rb8 21. Qa6 Ra8 22. Qb5 Rb8 23. Qa6 Ra8 24. Qe2 Qd7 25. e4 Qxa4 26. Bxa7 Rxa7 27. Qf2 Rd7 28. Qg3 Ng6 29. b3 Qxa2 30. Ra1 Qxb3 31. Rxa5 dxe4 32. Nxh6+ 0-1


[Site "https://www.chess.com"]

[Event "Titled Tuesday Blitz February 07 Early 2023"]
[White "Topalov, Aleksandar"]
[Black "Fiorito, Joaquin"]
[WhiteFideId "925659"]
[BlackFideId "180173"]
[WhiteElo "2233"]
[BlackElo "2405"]
[Result "0-1"]
[Round "07"]
[TimeControl "180+2"]
[Date "2023.02.07"]
[WhiteClock "0:00:06"]
[BlackClock "0:00:06"]

1. b3 d5 2. Bb2 c5 3. e3 Nc6 4. Bb5 Bd7 5. Nf3 Nf6 6. O-O a6 7. Bxc6 Bxc6 8. Ne5 Rc8 9. f4 g6 10. Ng4 Bg7 11. Nxf6+ exf6 12. d3 O-O 13. Nd2 Re8 14. Re1 Qd7 15. Qf3 b5 16. Qf2 a5 17. Nf3 Bb7 18. Rac1 Ra8 19. Bc3 b4 20. Bb2 a4 21. Rb1 Qc7 22. h3 axb3 23. axb3 Ra2 24. Qd2 Rea8 25. d4 Qb6 26. dxc5 Qxc5 27. Rec1 Rc8 28. Bd4 Qd6 29. Ra1 Raa8 30. Rxa8 Bxa8 31. Ra1 Bf8 32. Qd3 Qc6 33. Ra6 Qd7 34. Bxf6 Bb7 35. Ra1 Qc6 36. Bd4 Qxc2 37. Qxc2 Rxc2 38. Ra7 Bc8 39. Ne5 Be6 40. Nd7 Bxd7 41. Rxd7 h6 42. Rd8 Rc1+ 43. Kh2 Rc6 44. Be5 Kh7 45. Rxd5 g5 46. Rd3 Kg6 47. g4 f6 48. f5+ Kf7 49. Bd4 Bd6+ 50. Kg2 Rc2+ 51. Kf3 Rh2 52. Ke4 Rxh3 53. Bb6 Be7 54. Rd7 Ke8 55. Rb7 Rh4 56. Rb8+ Kf7 57. Kf3 Rh3+ 58. Ke4 Rh1 59. Rb7 Ke8 60. Kd5 Rd1+ 61. Ke6 Rd6# 0-1


[Site "https://www.chess.com"]

[Event "Titled Tuesday Blitz February 07 Early 2023"]
[White "Gharibyan, Mamikon"]
[Black "Fernandez Garcia, Gumersindo"]
[WhiteFideId "13308300"]
[BlackFideId "24516740"]
[WhiteElo "2500"]
[BlackElo "2160"]
[Result "1-0"]
[Round "07"]
[TimeControl "180+2"]
[Date "2023.02.07"]
[WhiteClock "0:01:39"]
[BlackClock "0:00:08"]

1. e4 d6 2. d4 Nf6 3. Nc3 e5 4. Nf3 Nbd7 5. g4 Be7 6. g5 Nh5 7. Bc4 g6 8. Be3 c6 9. Qd2 b5 10. Bb3 a5 11. a3 Ba6 12. Ne2 O-O 13. Ng3 Ng7 14. h4 exd4 15. Bxd4 c5 16. Bxg7 Kxg7 17. Bd5 Rb8 18. Qc3+ f6 19. h5 b4 20. axb4 cxb4 21. Qd4 Qb6 22. hxg6 hxg6 23. e5 Qxd4 24. Nxd4 dxe5 25. Ne6+ Kf7 26. Nxf8+ Kxf8 27. Rxa5 Bc8 28. Rh8+ Kg7 29. Rg8+ Kh7 30. Ra7 Bd6 31. Rxc8 Rxc8 32. Rxd7+ 1-0


[Site "https://www.chess.com"]

[Event "Titled Tuesday Blitz February 07 Early 2023"]
[White "Orzech, Dominik"]
[Black "Aitbayev, Aslan"]
[WhiteFideId "1115065"]
[BlackFideId "13704613"]
[WhiteElo "2308"]
[BlackElo "2427"]
[Result "0-1"]
[Round "07"]
[TimeControl "180+2"]
[Date "2023.02.07"]
[WhiteClock "0:01:32"]
[BlackClock "0:00:24"]

1. Nf3 g6 2. c4 Bg7 3. g3 Nf6 4. d4 O-O 5. Bg2 d6 6. O-O Nc6 7. Nc3 Bf5 8. d5 Na5 9. Nd4 Bd7 10. Qd3 c5 11. dxc6 Nxc6 12. b3 a6 13. Bb2 Rb8 14. a4 Nxd4 15. Qxd4 Bc6 16. Nd5 Bxd5 17. Bxd5 a5 18. Rab1 b6 19. Bf3 Ne8 20. Qd2 Bxb2 21. Qxb2 Nf6 22. h4 h5 23. Kg2 Qd7 24. Rbd1 Rbc8 25. e4 Qe6 26. Rfe1 Rc5 27. Qd4 Rb8 28. Re3 Nd7 29. Be2 Qe5 30. Qd2 Nf6 31. f4 Qe6 32. Bf3 Rbc8 33. Rde1 Ng4 34. R3e2 Kg7 35. f5 Qe5 36. Bxg4 hxg4 37. Qg5 Qc3 38. Re3 Qc2+ 39. R1e2 Qd1 40. Qxe7 Re5 41. Qxd6 Qxd6 0-1


[Site "https://www.chess.com"]

[Event "Titled Tuesday Blitz February 07 Early 2023"]
[White "Pinheiro, Iung Alicio de O."]
[Black "Leiva, Gianmarco"]
[WhiteFideId "2104350"]
[BlackFideId "3804399"]
[WhiteElo "2306"]
[BlackElo "2392"]
[Result "0-1"]
[Round "07"]
[TimeControl "180+2"]
[Date "2023.02.07"]
[WhiteClock "0:00:05"]
[BlackClock "0:00:34"]

1. c4 Nf6 2. g3 h5 3. Nf3 Nc6 4. d4 h4 5. d5 Na5 6. Qa4 c5 7. Bd2 b6 8. Nxh4 Ne4 9. Nf3 Nxd2 10. Nbxd2 g6 11. a3 Bg7 12. Rb1 O-O 13. Bg2 d6 14. O-O Bd7 15. Qc2 b5 16. b3 Rb8 17. e4 e6 18. Ne1 exd5 19. exd5 Re8 20. Nd3 Bf5 21. cxb5 Qf6 22. Nc4 Rxb5 23. a4 Qd4 24. Rfd1 Nxc4 25. bxc4 Rxb1 26. Qxb1 Re2 27. Qb8+ Kh7 0-1


[Site "https://www.chess.com"]

[Event "Titled Tuesday Blitz February 07 Early 2023"]
[White "Matinian, Nikita"]
[Black "Adla, Diego"]
[WhiteFideId "24129100"]
[BlackFideId "100072"]
[WhiteElo "2407"]
[BlackElo "2383"]
[Result "1/2-1/2"]
[Round "07"]
[TimeControl "180+2"]
[Date "2023.02.07"]
[WhiteClock "0:00:18"]
[BlackClock "0:00:58"]

1. e4 e5 2. Nf3 Nc6 3. Bb5 Bc5 4. c3 Qf6 5. O-O Nge7 6. d4 exd4 7. Bg5 Qg6 8. Bxe7 Nxe7 9. cxd4 Bb6 10. Nc3 O-O 11. a4 a5 12. e5 d6 13. Bd3 Qh6 14. h3 dxe5 15. dxe5 Be6 16. Qe2 Ng6 17. Bxg6 Qxg6 18. Kh2 Rad8 19. Rfd1 Bb3 20. Rxd8 Rxd8 21. Re1 h6 22. Nd2 Be6 23. Nde4 Rd4 24. Ng3 Qd3 25. Qxd3 Rxd3 26. Re2 Bc4 27. Rc2 Bb3 28. Re2 Bd4 29. Nge4 Bc4 30. f4 b6 31. Rd2 Rxd2 32. Nxd2 Be6 33. Kg3 Kf8 34. Kf3 Ke7 35. g4 g6 36. Ke4 Bc5 37. Nd5+ Kd8 38. f5 gxf5+ 39. gxf5 Bc8 40. Nc3 Bb7+ 41. Kf4 Bd4 42. Nde4 Ke7 43. b3 Bg1 44. Kg3 Be3 45. Kf3 Bc1 46. Nb5 c6 47. Nbd6 Ba6 48. Nc3 Bb2 49. Nde4 b5 50. axb5 Bxb5 51. Nxb5 cxb5 52. Kf4 a4 53. bxa4 bxa4 54. Nc5 a3 55. f6+ Ke8 56. Nb3 a2 57. Kf5 a1=Q 58. Nxa1 Bxa1 59. e6 fxe6+ 60. Kxe6 Kf8 61. h4 Bb2 62. h5 Bc1 63. Kf5 Bg5 64. Kg6 Kg8 65. Kf5 Kf7 66. Kg4 Bxf6 67. Kh3 Bg5 68. Kg2 Kf6 69. Kh1 Bf4 70. Kg2 Kg5 71. Kh1 Be5 72. Kg2 Kxh5 73. Kh1 Kg4 74. Kg2 Kh4 75. Kh1 Kh3 76. Kg1 h5 77. Kh1 h4 78. Kg1 Kg3 79. Kh1 h3 80. Kg1 h2+ 81. Kh1 Kh3 1/2-1/2


[Site "https://www.chess.com"]

[Event "Titled Tuesday Blitz February 07 Early 2023"]
[White "Djokovic, Nebojsa"]
[Black "Csonka, Balazs"]
[WhiteFideId "938300"]
[BlackFideId "742910"]
[WhiteElo "2119"]
[BlackElo "2496"]
[Result "1-0"]
[Round "07"]
[TimeControl "180+2"]
[Date "2023.02.07"]
[WhiteClock "0:00:02"]
[BlackClock "0:00:01"]

1. e4 e5 2. Nf3 Nc6 3. Bb5 a6 4. Ba4 Bc5 5. O-O Nge7 6. c3 Ng6 7. d4 Ba7 8. Bg5 f6 9. Be3 O-O 10. Nbd2 d6 11. Re1 Kh8 12. Nf1 Bg4 13. Bxc6 Nh4 14. N1d2 bxc6 15. h3 Nxf3+ 16. Nxf3 Bh5 17. g4 Bg6 18. dxe5 fxe5 19. Bxa7 Rxa7 20. Kg2 Rf4 21. Nxe5 Be8 22. Nd3 Rf8 23. e5 c5 24. e6 Bc6+ 25. Kg1 Qe7 26. Qd2 Raa8 27. Rad1 Rf3 28. Re3 Raf8 29. Rxf3 Rxf3 30. Nf4 Qh4 31. e7 Rxh3 32. e8=Q+ Bxe8 33. Nxh3 Qxh3 34. Qf4 Bf7 35. Re1 Bg8 36. Re8 h6 37. Qf5 1-0


[Site "https://www.chess.com"]